 Dungeon Crawl Stone Soup version 0.25-a0-1133-g93ebf739aa (webtiles) character file.

Game seed: 9396525759888232742, levelgen mode: deterministic

14433 Flugslaktarn the Cleaver (level 11, -4/103 HPs)
             Began as a Deep Dwarf Fighter on May 20, 2020.
             Was an Elder of Makhleb.
             Killed from afar by a bog body (14 damage)
             ... with a bolt of cold
             ... on level 4 of the Lair of Beasts.
             The game lasted 00:05:12 (6950 turns).

Flugslaktarn the Cleaver (Deep Dwarf Fighter)       Turns: 6950, Time: 00:05:12

Health: -4/103     AC: 17    Str: 24    XL:     11   Next: 88%
Magic:  6/6        EV: 11    Int:  8    God:    Makhleb [****..]
Gold:   439        SH: 12    Dex: 12    Spells: 10/10 levels left

rFire    . . .     SeeInvis .   z - +1 broad axe
rCold    . . .     Gourm    .   c - +0 kite shield
rNeg     . . .     Faith    .   w - +1 chain mail
rPois    .         Spirit   .   q - +2 helmet
rElec    .         Reflect  .   o - +0 cloak
rCorr    .         Harm     .   (no gloves)
MR       +....                  (no boots)
Stlth    ..........             (no amulet)
HPRegen  0.00/turn              v - +4 ring of evasion
MPRegen  0.10/turn              (no ring)

@: non-regenerating, very slow
A: damage resistance, heal wounds, sense surroundings 2, no regeneration
a: Heal Wounds, Minor Destruction, Lesser Servant of Makhleb, Major Destruction,
Renounce Religion


You were on level 4 of the Lair of Beasts.
You worshipped Makhleb.
Makhleb was greatly pleased with you.
You were not hungry.

You visited 3 branches of the dungeon, and saw 13 of its levels.

You collected 439 gold pieces.

Inventory:

Hand Weapons
 a - a +1 war axe
 z - a +1 broad axe (weapon)
   (You found it on level 7 of the Dungeon)
Armour
 c - a +0 kite shield (worn)
 o - a +0 cloak (worn)
   (You found it on level 7 of the Dungeon)
 q - a +2 helmet (worn)
   (You found it on level 8 of the Dungeon)
 w - a +1 chain mail (worn)
   (You took it off an orc warrior on level 6 of the Dungeon)
Jewellery
 b - a +4 ring of protection {unknown}
   (You found it on level 6 of the Dungeon)
 g - an uncursed ring of ice {unknown}
   (You found it on level 8 of the Dungeon)
 p - an uncursed ring of magical power {unknown}
   (You found it on level 8 of the Dungeon)
 v - a +4 ring of evasion (left hand)
   (You found it on level 6 of the Dungeon)
 y - an uncursed ring of wizardry {unknown}
   (You found it on level 3 of the Lair of Beasts)
Wands
 j - a wand of clouds (3)
   (You found it on level 8 of the Dungeon)
 s - a wand of acid (3)
   (You found it on level 2 of the Lair of Beasts)
Scrolls
 f - a scroll of magic mapping
 i - 3 scrolls of immolation
 r - 4 scrolls of identify
 t - 3 scrolls of teleportation
 x - 6 scrolls of remove curse
Potions
 d - 2 potions of might
 h - a potion of haste
 k - a potion of flight
 l - a potion of berserk rage {unknown}
 m - a potion of degeneration
 n - a potion of resistance
 A - a potion of heal wounds {unknown}
 B - a potion of curing {unknown}
Comestibles
 e - 20 rations
 u - 12 chunks of flesh


   Skills:
 + Level 7.9 Fighting
 * Level 12.3 Axes
 + Level 9.4 Armour
 + Level 9.5 Shields
 + Level 9.6 Invocations


You had 10 spell levels left.
You didn't know any spells.
Your spell library was empty.

Dungeon Overview and Level Annotations

Branches:
Dungeon (8/15)             Temple (1/1) D:5            Lair (4/6) D:8
 Spider (0/4) Lair:3
  Swamp: Lair:2-4    Shoals: Lair:2-4

Altars:
Ashenzari
Fedhas
Gozag
Kikubaaqudgha
Makhleb
Nemelex Xobeh
Okawaru
Qazlal
Ru
Sif Muna
Trog
Uskayaw
Vehumet
Wu Jian
Yredelemnul

Annotations:
Lair:2 1 runed translucent door, Ulumiabe's ghost, journeyman OpBe


Innate Abilities, Weirdness & Mutations

You are resistant to damage.
You can heal yourself by infusing magical energy.
You passively map the area around you.
You do not regenerate.


Message History

* * * LOW HITPOINT WARNING * * *
You are too injured to fight recklessly!
You are too injured to fight recklessly!
You are too injured to fight recklessly!
You are too injured to fight recklessly!
You are too injured to fight recklessly!
You are too injured to fight recklessly!
You are too injured to fight recklessly!
You are too injured to fight recklessly!
You are too injured to fight recklessly!
You are too injured to fight recklessly!
You are too injured to fight recklessly!
You are too injured to fight recklessly!
Your unstable footing causes you to fumble your attack.
You are engulfed in freezing vapours.
* * * LOW HITPOINT WARNING * * *
The bog body points at you and mumbles some strange words.
The bolt of cold hits your smoke demon!!
The bolt of cold hits you!
You die...

,, , , , , ≈
......... * ,** ≈
.##...### * * * * ≈
* #....P * ≈ #P...#*
♣,♣♣ ##...# ♣♣..≈♣
###....# # ** *
♣n♣.≈♣♣##.##...###
,,,* ,,
♣3..≈♣♣.P.P....#.# ,
, ,,,,,
♣@♣.≈♣♣...........
,,
,*♣≈n.≈♣♣...........
, ,, ,
*♣♣.♣≈♣♣...........
* * ,
♣≈..≈♣..###...##.# ,
,♣≈.♣≈♣.###########
*
,♣≈?.≈♣..#..###.###
, ,,
,♣≈♣.≈♣............
, ,
♣♣..♣♣............ ,
, ♣..♣.............


You could see 2 bog bodies and a friendly smoke demon (summoned).

Vanquished Creatures
  Gastronok (Lair:2)
  A catoblepas (Lair:2)
  A two-headed ogre (D:8)
  Nergalle (Lair:2)
  Sonja (Lair:2)
  Psyche (D:8)
  A black mamba (Lair:4)
  4 komodo dragons
  A rime drake (Lair:2)
  4 blink frogs (Lair:2)
  A hornet (D:8)
  5 hippogriffs
  2 wyverns
  2 humans (D:7)
  A swamp worm (Lair:4)
  4 water moccasins (Lair:3)
  3 porcupines
  6 orc warriors
  A sky beast (D:6)
  An ice beast (D:6)
  A black bear (Lair:3)
  3 phantoms (D:6)
  An ogre (D:7)
  8 wolves
  A centaur (D:5)
  4 crocodiles
  5 bullfrogs
  A wyvern zombie (D:7)
  A water moccasin zombie (D:4)
  A scorpion (D:7)
  6 killer bees (D:7)
  4 wights (D:6)
  4 crimson imps
  An electric eel (Lair:2)
  A bullfrog zombie (D:5)
  7 jellies
  A bullfrog skeleton (D:7)
  3 orc priests (D:7)
  2 hounds
  4 orc wizards
  A centaur skeleton (D:8)
  2 iguanas
  5 worker ants
  2 hound skeletons
  3 gnolls (D:8)
  7 adders
  A howler monkey skeleton (D:7)
  2 shadow imps
  6 oozes
  3 adder skeletons
  3 adder zombies
  A worm (D:3)
  3 leopard geckos
  24 orcs
  3 ball pythons
  5 bats
  A bat skeleton (D:2)
  3 giant cockroaches
  2 hobgoblins (D:3)
  14 jackals
  5 quokkas
  2 frilled lizards
  2 goblins (D:1)
  2 jackal skeletons
  4 kobolds
  A leopard gecko skeleton (D:5)
  A leopard gecko zombie (D:5)
  4 rats
  2 fungi (Lair:3)
215 creatures vanquished.

Vanquished Creatures (collateral kills)
  A hydra (Lair:4)
  A black mamba (Lair:4)
  A spiny frog (Lair:4)
  A swamp worm (Lair:4)
  A wolf (Lair:4)
5 creatures vanquished.

Vanquished Creatures (others)
  2 fungi
2 creatures vanquished.

Grand Total: 222 creatures vanquished

Notes
Turn   | Place    | Note
-------+----------+-------------------------------------------
     0 | D:1      | Flugslaktarn the Deep Dwarf Fighter began the quest for the
                  | Orb.
     0 | D:1      | Reached XP level 1. HP: 20/20 MP: 1/1
    79 | D:2      | Reached XP level 2. HP: 24/27 MP: 2/2
   195 | D:2      | Reached XP level 3. HP: 24/33 MP: 3/3
   223 | D:2      | Reached skill level 3 in Axes
   510 | D:4      | Reached XP level 4. HP: 26/42 MP: 4/4
   589 | D:4      | Reached skill level 4 in Axes
   589 | D:4      | Reached XP level 5. HP: 48/49 MP: 5/5
   728 | D:4      | Found an ornate altar of the Wu Jian Council.
   728 | D:4      | Found a bloodstained altar of Trog.
   959 | D:5      | Entered Level 5 of the Dungeon
  1143 | D:5      | Reached XP level 6. HP: 56/56 MP: 6/6
  1193 | D:5      | Reached skill level 5 in Axes
  1196 | D:5      | Found an ancient bone altar of Kikubaaqudgha.
  1335 | D:5      | Found a staircase to the Ecumenical Temple.
  1347 | Temple   | Entered the Ecumenical Temple
  1464 | Temple   | Became a worshipper of Makhleb the Destroyer
  1771 | D:5      | Found a sparkling altar of Nemelex Xobeh.
  1972 | D:6      | Noticed an orc warrior
  1985 | D:6      | HP: 1/57 [orc warrior/+0 war axe (17)]
  2001 | D:6      | Killed an orc warrior
  2001 | D:6      | Reached skill level 1 in Invocations
  2001 | D:6      | Reached XP level 7. HP: 46/64 MP: 4/4
  2009 | D:6      | Reached skill level 5 in Armour
  2009 | D:6      | Reached skill level 5 in Shields
  2080 | D:6      | Reached skill level 6 in Axes
  2102 | D:6      | Found a shimmering blue altar of Sif Muna.
  2333 | D:6      | Reached * piety under Makhleb
  2350 | D:6      | Reached XP level 8. HP: 38/73 MP: 7/7
  2594 | D:6      | Reached skill level 7 in Axes
  2604 | D:6      | Found a sacrificial altar of Ru.
  3005 | D:7      | Reached skill level 5 in Fighting
  3005 | D:7      | Noticed a hippogriff
  3013 | D:7      | Killed a hippogriff
  3079 | D:7      | Reached skill level 8 in Axes
  3089 | D:7      | Gained mutation: You passively map the area around you.
                  | [Deep Dwarf growth]
  3089 | D:7      | Reached XP level 9. HP: 60/81 MP: 6/6
  3275 | D:7      | Reached skill level 5 in Invocations
  3285 | D:7      | Reached ** piety under Makhleb
  3302 | D:7      | Found an iron altar of Okawaru.
  3354 | D:7      | Found a radiant altar of Vehumet.
  3806 | D:8      | Reached skill level 9 in Axes
  3891 | D:8      | Noticed a two-headed ogre
  3901 | D:8      | Killed a two-headed ogre
  3980 | D:8      | Noticed Psyche
  4001 | D:8      | Killed Psyche
  4001 | D:8      | Reached XP level 10. HP: 54/91 MP: 5/7
  4022 | D:8      | Found a staircase to the Lair.
  4356 | D:8      | Reached *** piety under Makhleb
  4381 | D:8      | Paralysed by a hornet for 1 turns
  4587 | Lair:1   | Entered Level 1 of the Lair of Beasts
  4599 | Lair:1   | Reached skill level 10 in Axes
  4632 | Lair:2   | Noticed Nergalle
  4642 | Lair:2   | Noticed a spectral orc warlord
  4654 | Lair:2   | Killed Nergalle
  4942 | Lair:2   | Noticed Sonja
  4947 | Lair:2   | Killed Sonja
  4947 | Lair:2   | Reached skill level 11 in Axes
  4982 | Lair:2   | Found a runed translucent door.
  4985 | Lair:2   | Noticed Ulumiabe's ghost (journeyman OpBe)
  5164 | Lair:2   | Reached XP level 11. HP: 72/100 MP: 9/9
  5427 | Lair:2   | Noticed a catoblepas
  5478 | Lair:2   | Killed a catoblepas
  5516 | Lair:2   | Noticed Gastronok
  5540 | Lair:2   | Killed Gastronok
  5877 | Lair:3   | Found a hole to the Spider Nest.
  6223 | Lair:3   | Reached skill level 12 in Axes
  6265 | Lair:3   | Reached **** piety under Makhleb
  6323 | Lair:3   | Found an iron altar of Okawaru.
  6673 | Lair:4   | Noticed an eight-headed hydra
  6689 | Lair:4   | Killed an eight-headed hydra
  6950 | Lair:4   | Killed from afar by a bog body

Illustrated notes

Levels and vault maps discovered:
D:1:      minmay_arrival_floating_metal, layout_basic
D:2:      layout_loops_ring, serial_undead, serial_undead_a, serial_undead_b,
          serial_undead_a, serial_undead_c, serial_undead_b, serial_undead_c,
          serial_undead_a, serial_undead_e, minivault_24
D:3:      layout_loops_ring, elyvilon_altar_5, chequers_ecumenical_altar_island,
          cheibrodos_sewer_entry_bend, first_ration
D:4:      layout_cave_pools, gammafunk_temple_overflow_pools
D:5:      layout_loops_ring, kennysheep_mini, lemuel_round_altar,
          minmay_temple_entry_junction
D:6:      layout_basic, lemuel_round_altar, nicolae_overflow_crystal_walls
D:7:      layout_loops_ring, vehumet_crystals, okawaru_humans,
          kennysheep_generic_room_9
D:8:      layout_loops_ring, dpeg_oklobed_lair, hangedman_little_slice_of_home,
          uniq_psyche
Temple:   nicolae_temple_figure_eight
Lair:1:   layout_cave_pods, serial_rivers, chequers_serial_rivers_small_3,
          chequers_serial_rivers_small_3, chequers_serial_rivers_micro_b,
          chequers_serial_rivers_small_a, minmay_lair_oklob_chamber
Lair:2:   layout_cave_pods, ebering_ghost_reflecting_pool, serial_bayou_ford_a,
          uniq_gastronok, uniq_sonja, uniq_nergalle
Lair:3:   layout_chaotic_city, dummy_spider_entry, basic_altar,
          infiniplex_staircase_pool
Lair:4:   layout_long_grid, nicolae_swamp_entry_splash_gauntlet

Skill      XL: |  1  2  3  4  5  6  7  8  9 10 11 |
---------------+----------------------------------+-----
Axes           | 3 4 5 6 8 9 11 12 | 12.3
Fighting       | 3 4 5 6 7 |  7.9
Armour         | 4 5 6 7 8 9 |  9.4
Shields        | 4 5 6 7 8 9 |  9.5
Invocations    | 1 3 4 6 8 9 |  9.6

Action                   |  1- 3 |  4- 6 |  7- 9 | 10-12 || total
-------------------------+-------+-------+-------+-------++-------
Melee: War axe           |   142 |   174 |   327 |       ||   643
       Broad axe         |       |       |    57 |   391 ||   448
Invok: Lesser Servant of |       |       |       |     3 ||     3
 Abil: Heal Wounds       |       |     8 |    19 |    21 ||    48
Evoke: Wand              |       |       |       |     4 ||     4
  Use: Scroll            |       |       |    14 |     1 ||    15
       Potion            |       |       |     5 |       ||     5
  Eat: Chunk             |       |     4 |     4 |    11 ||    19
       Ration            |       |       |     1 |       ||     1
Armor: Scale mail        |    88 |    64 |       |       ||   152
       Chain mail        |       |       |   160 |   187 ||   347
Dodge: Dodged            |    47 |    56 |   174 |   171 ||   448
Block: Kite shield       |    98 |    92 |   236 |   262 ||   688

Table legend:
 A = Non-vault XP
 B = Vault XP
 C = Vault XP percentage of total XP
 D = Non-vault monster count
 E = Vault monster count
 F = Vault count percentage of total count
                 A         B        C        D         E       F
            +---------+---------+-------+---------+---------+-------
      Total |   15281 |    5338 |  25.9 |     195 |      23 |  10.6
            +---------+---------+-------+---------+---------+-------
        D:1 |      10 |       0 |   0.0 |       7 |       0 |   0.0
        D:2 |      25 |      23 |  47.9 |      16 |       6 |  27.3
        D:3 |      24 |       0 |   0.0 |       9 |       0 |   0.0
        D:4 |     159 |       0 |   0.0 |      17 |       0 |   0.0
        D:5 |     363 |       0 |   0.0 |      21 |       0 |   0.0
        D:6 |    1442 |       0 |   0.0 |      26 |       0 |   0.0
        D:7 |    1678 |     523 |  23.8 |      36 |       3 |   7.7
        D:8 |    1870 |     625 |  25.1 |      18 |       9 |  33.3
     Lair:1 |     372 |       0 |   0.0 |       1 |       0 |   0.0
     Lair:2 |    3704 |    3898 |  51.3 |      14 |       3 |  17.6
     Lair:3 |    3155 |       0 |   0.0 |      20 |       0 |   0.0
     Lair:4 |    2479 |     269 |   9.8 |      10 |       2 |  16.7
            +---------+---------+-------+---------+---------+-------
